 Dungeon Crawl Stone Soup version 0.26-a0-667-g92642533e4 (webtiles) character file.

Game seed: 9135026218245037793

674227 stormannn the Conqueror (level 27, -8/273 HPs)
             Began as a Minotaur Fighter on Oct 16, 2020.
             Was an Elder of Qazlal.
             Mangled by an Orb Guardian (24 damage)
             ... on level 5 of the Realm of Zot on Dec 12, 2020.
             The game lasted 05:59:05 (73394 turns).

stormannn the Conqueror (Minotaur Fighter)         Turns: 73394, Time: 05:59:06

Health: -8/273     AC: 35    Str: 23    XL:     27
Magic:  35/37      EV: 25    Int:  7    God:    Qazlal [****..]
Gold:   7192       SH: 12    Dex: 22    Spells: 26/26 levels left

rFire    + + +     SeeInvis +   y - +9 demon trident (vorpal)
rCold    + + +     Faith    .   H - +0 buckler of Boosk {Rampage *Drain rF++ rCorr}
rNeg     + + .     Spirit   .   Y - +2 plate armour of Snakes and Ladders {rC+++ Regen+}
rPois    +         Reflect  .   A - +0 mask of the Dragon {MR+ Slay+3 SInv}
rElec    +         Harm     .   e - +0 cloak "Hirul" {rN+ MR++ Dex+2}
rCorr    +         Rampage  +   J - +2 pair of gloves
MR       +++++     Clarity  +   z - +1 pair of boots
Stlth    ..........             Q - amulet of the Four Winds {rN+ MR+++ Clar}
HPRegen  0.95/turn              V - ring "Nurukhla" {rElec Str-5 Int+2 Dex+6 SInv}
MPRegen  0.25/turn              I - ring of Springtime {+Fly Slay+2 SInv}

@: mighty, about to teleport, resistant, marked, protected from physical damage,
lightly drained, repel missiles
A: retaliatory headbutt, horns 2, clumsy 1
}: 3/15 runes: serpentine, barnacled, silver
a: Upheaval, Elemental Force, Renounce Religion, Evoke Flight


You were on level 5 of the Realm of Zot.
You worshipped Qazlal.
Qazlal was greatly pleased with you.
You visited 10 branches of the dungeon, and saw 50 of its levels.
You visited the Abyss 3 times.
You visited 1 bazaar.
You also visited: Bailey.

You collected 11348 gold pieces.
You spent 4156 gold pieces at shops.

Inventory:

Hand Weapons
 y - a +9 vorpal demon trident (weapon)
 T - a +9 spear of venom
Missiles
 n - 11 atropa-tipped darts
 B - 57 silver javelins
 X - 7 curare-tipped darts (quivered)
Armour
 e - the +0 cloak "Hirul" (worn) {rN+ MR++ Dex+2}
   (You bought it in a shop on level 3 of the Vaults)

   It affects your dexterity (+2).
   It protects you from negative energy.
   It affects your resistance to hostile enchantments.
 z - a +1 pair of boots (worn)
 A - the +0 mask of the Dragon (worn) {MR+ Slay+3 SInv}
   (You found it on level 5 of the Vaults)

   It affects your accuracy and damage with ranged weapons and melee attacks
   (+3).
   It affects your resistance to hostile enchantments.
   It lets you see invisible.
 H - the +0 buckler of Boosk (worn) {Rampage *Drain rF++ rCorr}
   (You found it on level 11 of the Dungeon)

   It greatly protects you from fire.
   It provides partial protection from all sources of acid and corrosion.
   It causes draining when unequipped.
   It bestows one free step when moving towards enemies.
 J - a +2 pair of gloves (worn)
 Y - the +2 plate armour of Snakes and Ladders (worn) {rC+++ Regen+}
   (You bought it in a shop on level 1 of the Orcish Mines)

   It renders you almost immune to cold.
   It increases your rate of regeneration.
Jewellery
 f - an uncursed amulet of reflection
 I - the ring of Springtime (right hand) {+Fly Slay+2 SInv}
   (You acquired it on level 3 of the Elven Halls)

   [ring of see invisible]

   It affects your accuracy and damage with ranged weapons and melee attacks
   (+2).
   It lets you see invisible.
   It lets you fly.
 Q - the amulet of the Four Winds (around neck) {rN+ MR+++ Clar}
   (You bought it in a shop on level 5 of the Depths)

   [amulet of nothing]

   It protects you from negative energy.
   It affects your resistance to hostile enchantments.
   It protects you against confusion.
 V - the ring "Nurukhla" (left hand) {rElec Str-5 Int+2 Dex+6 SInv}
   (You found it on level 3 of the Elven Halls)

   [ring of dexterity]

   It affects your strength (-5).
   It affects your intelligence (+2).
   It affects your dexterity (+6).
   It insulates you from electricity.
   It lets you see invisible.
Wands
 a - a wand of polymorph (49)
 i - a wand of digging (17)
 k - a wand of disintegration (33)
 q - a wand of flame (101)
 w - a wand of iceblast (3)
 x - a wand of enslavement (13)
 O - a wand of paralysis (22)
 S - a wand of acid (26)
Scrolls
 b - 8 scrolls of fog
 c - 3 scrolls of brand weapon
 g - 12 scrolls of magic mapping
 l - 22 scrolls of remove curse
 m - 13 scrolls of teleportation
 p - 7 scrolls of immolation
 r - 11 scrolls of amnesia
 s - 6 scrolls of blinking
 C - 2 scrolls of holy word
 G - 27 scrolls of identify
 K - 6 scrolls of fear
 N - 6 scrolls of silence
 Z - 2 scrolls of enchant armour
Potions
 d - 6 potions of berserk rage
 h - a potion of stabbing
 j - a potion of resistance
 o - 10 potions of brilliance
 u - a potion of magic
 v - 4 potions of ambrosia
 D - a potion of cancellation
 E - 6 potions of lignification
 F - 5 potions of curing
 P - 2 potions of flight
 R - a potion of might
 U - a potion of invisibility
 W - 10 potions of mutation


   Skills:
 O Level 27(26.8) Fighting
 + Level 16.6(16.5) Polearms
 + Level 18.3(18.2) Throwing
 + Level 25.3(25.2) Armour
 + Level 22.7(22.6) Dodging
 - Level 9.6(9.5) Shields
 * Level 22.6(22.5) Invocations


You had 26 spell levels left.
You didn't know any spells.
Your spell library contained the following spells:

 Spells                   Type           Power        Failure   Level
 Beastly Appendage        Tmut           #.....       88%         1
 Corona                   Hex            #......      88%         1
 Foxfire                  Conj/Fire      #...         88%         1
 Freeze                   Ice            #...         88%         1
 Magic Dart               Conj           #...         88%         1
 Sandblast                Erth           #.....       88%         1
 Sting                    Tmut/Pois      #...         88%         1
 Summon Small Mammal      Summ           #...         88%         1
 Blink                    Tloc           N/A          96%         2
 Call Imp                 Summ           #.......     96%         2
 Corpse Rot               Necr/Air       N/A          96%         2
 Ensorcelled Hibernation  Hex/Ice        #.....       96%         2
 Poisonous Vapours        Pois/Air       #.....       96%         2
 Searing Ray              Conj           #.....       96%         2
 Slow                     Hex            #.......     96%         2
 Wereblood                Tmut           #.......     96%         2
 Call Canine Familiar     Summ           #.......     99%         3
 Confusing Touch          Hex            #.......     99%         3
 Conjure Flame            Conj/Fire      #.......     99%         3
 Dazzling Flash           Conj/Hex       #.....       99%         3
 Gell's Gravitas          Tloc           #.........   99%         3
 Inner Flame              Hex/Fire       #.......     99%         3
 Mephitic Cloud           Conj/Pois/Air  #.......     99%         3
 Portal Projectile        Hex/Tloc       #.....       99%         3
 Static Discharge         Conj/Air       #.......     99%         3
 Stone Arrow              Conj/Erth      #.....       99%         3
 Summon Guardian Golem    Hex/Summ       #.......     99%         3
 Tukima's Dance           Hex            #.......     99%         3
 Cause Fear               Hex            #.........   100%        4
 Fulminant Prism          Conj/Hex       #.........   100%        4
 Ice Form                 Ice/Tmut       #.......     100%        4
 Iskenderun's Mystic Bla  Conj/Tloc      #.......     100%        4
 Leda's Liquefaction      Hex/Erth       #.........   100%        4
 Petrify                  Tmut/Erth      #.......     100%        4
 Sticky Flame             Conj/Fire      #.......     100%        4
 Summon Ice Beast         Ice/Summ       #.......     100%        4
 Summon Lightning Spire   Summ/Air       #.......     100%        4
 Alistair's Intoxication  Tmut/Pois      #........    100%        5
 Borgnjor's Vile Clutch   Necr/Erth      #.........   100%        5
 Fireball                 Conj/Fire      #.........   100%        5
 Irradiate                Conj/Tmut      #.........   100%        5
 Lightning Bolt           Conj/Air       #.........   100%        5
 Metabolic Englaciation   Hex/Ice        #.........   100%        5
 Silence                  Hex/Air        #.........   100%        5
 Summon Demon             Summ           #.........   100%        5
 Summon Forest            Summ/Tloc      #.........   100%        5
 Summon Mana Viper        Hex/Summ       #.......     100%        5
 Yara's Violent Unravell  Hex/Tmut       #.........   100%        5
 Conjure Ball Lightning   Conj/Air       #.........   100%        6
 Eringya's Noxious Bog    Tmut/Pois      #.........   100%        6
 Freezing Cloud           Conj/Ice/Air   #.........   100%        6
 Hydra Form               Tmut           #.........   100%        6
 Iron Shot                Conj/Erth      #.........   100%        6
 Ozocubu's Refrigeration  Ice            #.........   100%        6
 Shadow Creatures         Summ           N/A          100%        6
 Dragon Form              Tmut           #.........   100%        7
 Summon Hydra             Summ           #.........   100%        7
 Ignition                 Fire           #.........   100%        8
 Dragon's Call            Summ           #.........   100%        9
 Shatter                  Erth           #.........   100%        9
 Tornado                  Air            #.........   100%        9


Dungeon Overview and Level Annotations

Branches:
Dungeon (15/15)            Temple (1/1) D:6            Lair (6/6) D:11
 Shoals (4/4) Lair:4        Snake (4/4) Lair:4        Slime (0/5) Lair:6
    Orc (2/2) D:11            Elf (3/3) Orc:2        Vaults (5/5) D:14
  Crypt (0/3) Vaults:2     Depths (5/5) D:15            Zot (5/5) Depths:5
 Bailey (visited)

Altars:
Ashenzari
Cheibriados
Dithmenos
Elyvilon
Fedhas
Gozag
Hepliaklqana
Kikubaaqudgha
Makhleb
Nemelex Xobeh
Okawaru
Qazlal
Ru
Sif Muna
Trog
Uskayaw
Vehumet
Wu Jian
Xom
Yredelemnul
Zin
The Shining One
Jiyva

Shops:
D:6 *   D:8 !   D:9 :   D:11 *   Orc:1 *   Orc:2 }}(?   Shoals:2 =
Vaults:1 }[(   Vaults:3 [   Vaults:5 =   Depths:2 (   Depths:4 !   Depths:5 ==}

Portals:
Hell: Depths:1 Depths:2 Depths:3 Depths:4 Depths:5
Abyss: Depths:1 Depths:4
Pandemonium: Depths:3
Ziggurat: Depths:1

Annotations:
Lair:6 exclusion: oklob plant
Snake:1 Roxanne
Orc:1 1 runed translucent door, dracfodder's ghost, journeyman GrBe
Depths:1 exclusion: obsidian statue
Zot:3 2 transporters, Mikey69's ghost, legendary DsBe
Zot:5 exclusion: obsidian statue


Innate Abilities, Weirdness & Mutations

You reflexively headbutt those who attack you in melee.
You have a pair of horns on your head.
You are clumsy. (Dex -2)


Message History

The tentacled monstrosity loses its grip on you.
The Orb Guardian blinks!
The storm dragon blinks!
The green draconian knight blinks!
The Orb Guardian blinks! x4
The purple draconian monk blinks!
The Orb Guardian blinks!
The Killer Klown blinks!
The purple draconian monk blinks!
You blink.
You block the Orb Guardian's attack.
The Orb Guardian moves out of view.
You feel sick.
The purple draconian knight casts a spell.
The purple draconian knight flickers and vanishes for a moment.
The Killer Klown blinks!
The Orb Guardian hits you.
* * * LOW HITPOINT WARNING * * *
The Orb Guardian hits you!
* * * LOW HITPOINT WARNING * * *
Unknown command.
You feel better. The Orb Guardian hits you!!
* * * LOW HITPOINT WARNING * * *
You block the Orb Guardian's attack.
An orb of fire comes into view.
You block the Orb Guardian's attack. The Orb Guardian hits you!!
You die...

.........## ##..^......,,,,,,,**
.........# ##.)§......§.,,,,,,,*
........## #..X§d)§.....,,,,,,,,
........# #§X.z○.......,,,,,,,,
........## #XqXX.§......,,,^,,,,
.........# #XXpX8qD.....,,,,,,,,
.....^...## #.☼X*§☼.....^,,,,,,,,
..........###..XXX†......,,,,,,,,
########...###.X@XLXXq§..,,,,,,,*
##..§.##.X.○......,,,,,,**
###..^^...☼....*.,,,,,**
#▓▓▓▓▓▓▓▓▓▓▓##8,,,,**
****,,,,,,,,,,,,,,,**
***,,,,,,,,,,,,,,,,,,,**
**,,,,,,,^,,,,,,,,,,,,,,* *******
*,,,,,,,,,,,,,,,,,,,,,,,^
,,,,,,***,,,,,^,,,,,,,,,,,,,,,,,,


You could see 2 orbs of fire, a Killer Klown, an electric golem, 2 tentacled
monstrosities, a purple draconian monk, 2 draconians, an ancient lich, a storm
dragon, a black draconian, a death cob and 15 Orb Guardians.

Vanquished Creatures
  4 ancient liches
  Mara (Depths:3)
  3 juggernauts
  A Killer Klown (Zot:5)
  Margery (Vaults:3)
  Xtahua (Vaults:3)
  3 curse toes
  A caustic shrike (Depths:4)
  Nikola (Shoals:1)
  A caustic shrike (shapeshifter) (Vaults:4)
  9 golden dragons
  the Enchantress (Depths:3)
  Jory (Vaults:3)
  An electric golem (Zot:1)
  Jorgrun (D:12)
  22 tentacled monstrosities
  Rupert (Lair:5)
  Asterion (Depths:1)
  6 Orb Guardians (Zot:5)
  The ghost of Melum the Ogre Mage, an adept OgWz of Gozag (Shoals:3)
  5 titans
  9 quicksilver dragons
  2 deep elf blademasters
  Polyphemus (Shoals:3)
  2 deep elf master archers (Elf:3)
  Frances (D:12)
  4 liches
  6 sphinxes
  A tentacled starspawn (Abyss:2)
  Kirke (D:12)
  7 death cobs
  20 storm dragons
  2 Executioners
  18 shadow dragons
  7 draconian monks
  6 nagarajas
  4 ghost moths
  15 frost giants
  15 tengu reavers
  14 fire giants
  Louise (D:15)
  9 deep elf sorcerers
  8 draconian knights
  A cacodemon (Abyss:3)
  Aizul (Snake:3)
  6 iron dragons
  21 vault wardens
  4 draconian stormcallers
  9 deep elf elementalists
  An angel (Abyss:3)
  6 draconian scorchers
  9 draconian shifters
  A ghoul (Vaults:2)
  9 spriggan defenders
  19 ironheart preservers
  9 very ugly things
  9 draconian annihilators
  3 entropy weavers
  23 stone giants
  A vampire knight (Depths:2)
  The ghost of Opnastoc the Severer, a journeyman MiBe of Trog (D:14)
  19 green draconians
  8 deep elf demonologists
  2 grey draconians (Depths:5)
  14 red draconians
  16 yellow draconians
  14 black draconians
  8 white draconians
  19 spark wasps
  7 deep elf annihilators
  7 deep elf death magi
  15 ettins
  15 purple draconians
  An eidolon (Vaults:2)
  4 merfolk javelineers
  23 ogre magi
  12 fire dragons
  7 merfolk impalers
  19 yaktaur captains
  6 deep elf high priests
  33 vault guards
  10 great orbs of eyes
  5 spriggan air magi
  4 rakshasas
  15 hydras
  10 anacondas
  Erica (D:11)
  8 ice dragons
  18 naga warriors
  5 merfolk avatars
  4 boulder beetles
  A catoblepas (Shoals:2)
  A hell beast (Elf:3)
  A death knight (Vaults:4)
  14 centaur warriors
  77 two-headed ogres
  A queen ant (shapeshifter) (Vaults:5)
  7 deep troll shamans
  4 alligator snapping turtles
  33 dancing weapons
  2 alligators
  8 death yaks
  3 hell hogs (Depths:1)
  4 merfolk aquamancers
  A queen ant (Lair:6)
  4 deep troll earth magi
  2 orc high priests
  4 satyrs
  7 tengu warriors
  3 vampire magi
  2 spriggan berserkers (Depths:3)
  8 thrashing horrors (Abyss:2)
  4 shock serpents
  19 hell knights
  6 wretched stars (Abyss:2)
  18 deep elf knights
  12 naga sharpshooters
  4 iron trolls
  A salamander mystic (Snake:3)
  2 shadow wraiths
  Sonja (Orc:1)
  8 skeletal warriors
  2 sixfirhies
  16 naga ritualists
  9 sea snakes
  4 wizards
  24 deep trolls
  2 unseen horrors
  A glowing orange brain (shapeshifter) (D:14)
  4 swamp dragons
  A sea snake (shapeshifter) (Depths:3)
  3 glowing orange brains
  An unseen horror (shapeshifter) (Vaults:2)
  14 harpies
  21 ironbrand convokers
  4 flayed ghosts
  A shadow dragon zombie (Vaults:3)
  14 orc knights
  4 necromancers
  4 phantasmal warriors
  An orb spider (Abyss:2)
  9 deep elf archers
  A mana viper (shapeshifter) (Vaults:2)
  2 lindwurms (shapeshifter)
  15 mana vipers
  2 oklob plants
  42 ugly things
  44 deep elf magi
  A manticore (shapeshifter) (Vaults:2)
  2 human zombies (Vaults:3)
  A lindwurm (Lair:6)
  A moth of wrath (shapeshifter) (Vaults:1)
  An orc sorcerer (Orc:2)
  27 moths of wrath
  A worldbinder (Abyss:2)
  3 fauns (Shoals:1)
  13 merfolk sirens
  5 guardian serpents
  7 salamanders
  23 manticores
  Joseph (D:8)
  6 cyclopes
  3 smoke demons (Abyss:2)
  Maurice (D:10)
  10 vault sentinels
  13 elephants
  51 black mambas
  5 water nymphs
  A human skeleton (Vaults:3)
  A black mamba (shapeshifter) (Vaults:4)
  2 apocalypse crabs (Abyss:2)
  23 naga magi
  3 centaur skeletons
  2 orange demons (Abyss:2)
  5 spectral swamp worms (Depths:2)
  A torpor snail (Lair:3)
  19 cane toads
  13 komodo dragons
  5 freezing wraiths
  An ancient zyme (Abyss:2)
  A kobold demonologist (D:14)
  2 efreet
  3 rime drakes
  50 yaktaurs
  A yaktaur (shapeshifter) (Depths:2)
  A wandering mushroom (Lair:5)
  A troll (shapeshifter) (Depths:1)
  2 meliai (shapeshifter)
  6 trolls
  14 polar bears
  2 tengu conjurers
  A jumping spider (Vaults:4)
  18 slime creatures
  25 merfolk
  5 wind drakes
  5 hornets
  7 raiju
  A hornet (shapeshifter) (Vaults:5)
  A snapping turtle (shapeshifter) (Vaults:4)
  13 dream sheep
  15 blink frogs
  10 snapping turtles
  A stone giant simulacrum (Vaults:2)
  A frost giant simulacrum (Vaults:2)
  A centaur simulacrum (D:14)
  15 flying skulls (D:15)
  A tarantella (Vaults:4)
  An air elemental (Elf:3)
  4 spriggans
  A spriggan (shapeshifter) (Depths:2)
  2 tarantellas (shapeshifter)
  3 wraiths
  52 yaks
  10 wyverns
  Eustachio (D:4)
  4 fire elementals
  A ynoxinul (Abyss:2)
  2 hogs
  A human (D:12)
  18 water elementals
  2 neqoxecs (Abyss:2)
  2 chaos spawn
  A steam dragon (Lair:6)
  A golden eye (shapeshifter) (Depths:3)
  3 vampire mosquitoes (D:10)
  3 basilisks
  11 wargs
  13 large abominations
  A naga (shapeshifter) (Vaults:3)
  A warg (shapeshifter) (Vaults:4)
  A soldier ant (shapeshifter) (Depths:3)
  57 nagas
  18 soldier ants (Lair:6)
  5 acid dragons
  2 floating eyes
  22 hell hounds
  13 water moccasins
  4 ice beasts
  36 orc warriors
  A swamp drake (Lair:6)
  2 eyes of draining
  4 phantoms
  A black bear (shapeshifter) (Depths:1)
  13 black bears
  A sky beast (D:9)
  A tengu (shapeshifter) (Vaults:1)
  28 wolves
  69 ogres
  3 boggarts (Depths:4)
  10 centaurs
  3 big kobolds
  A wyvern zombie (D:14)
  20 bullfrogs
  3 earth elementals
  2 wyvern skeletons
  5 scorpions
  A scorpion (shapeshifter) (Vaults:1)
  12 killer bees
  13 wights
  4 electric eels
  A crimson imp (Depths:4)
  2 howler monkeys (D:9)
  4 centaur zombies
  23 starcursed masses
  3 hounds
  4 quasits
  2 bullfrog zombies
  2 human simulacra
  6 bullfrog skeletons
  4 jellies
  17 orc priests
  4 iron imps
  20 orc wizards
  Natasha (twice) (D:2)
  9 iguanas
  Ijyb (D:3)
  29 worker ants
  A killer bee zombie (D:8)
  8 small abominations
  A hound zombie (D:5)
  11 gnolls
  12 adders
  A howler monkey skeleton (D:7)
  2 shadow imps
  A white imp (D:10)
  3 ufetubi
  An adder zombie (D:6)
  An adder skeleton (D:6)
  4 worms
  A dart slug (D:4)
  2 leopard geckos
  88 orcs
  2 ball pythons (D:2)
  12 bats
  3 giant cockroaches
  4 hobgoblins
  5 quokkas
  4 frilled lizards
  12 goblins
  32 kobolds
  3 rats (D:1)
  A bush (Depths:5)
  2 crawling corpses (Elf:3)
  A lurking horror (Abyss:2)
  2 starspawn tentacles (Abyss:2)
2488 creatures vanquished.

Vanquished Creatures (collateral kills)
  An Orb Guardian (Zot:5)
  A black draconian (Zot:5)
  A red draconian (Zot:5)
3 creatures vanquished.

Vanquished Creatures (others)
  A sphinx (Vaults:5)
  A war gargoyle (Vaults:5)
  A vampire knight (Depths:3)
  A naga warrior (Snake:2)
  A spriggan berserker (Depths:3)
  A deep elf knight (Vaults:5)
  A deep elf archer (Elf:3)
  A necromancer (Vaults:3)
  2 manticores
  A moth of wrath (Zot:1)
  A polar bear (Lair:6)
  Natasha (D:2)
  An orc wizard (D:7)
  A worker ant (D:12)
  31 bushes (Depths:5)
  26 fungi
  119 plants
191 creatures vanquished.

Grand Total: 2682 creatures vanquished

Notes
Turn   | Place    | Note
-------+----------+-------------------------------------------
     0 | D:1      | stormannn the Minotaur Fighter began the quest for the Orb.
     0 | D:1      | Reached XP level 1. HP: 19/19 MP: 0/0
   207 | D:1      | Found a broken altar of Ashenzari.
   211 | D:1      | Reached XP level 2. HP: 27/27 MP: 1/1
   768 | D:2      | Found a snail-covered altar of Cheibriados.
   844 | D:2      | Noticed Natasha
   866 | D:2      | Killed Natasha
  1229 | D:2      | Reached skill level 4 in Fighting
  1257 | D:2      | Reached XP level 3. HP: 31/33 MP: 2/2
  1516 | D:2      | Noticed Natasha
  1525 | D:2      | Killed Natasha
  1685 | D:2      | Found an opulent altar of Gozag.
  1686 | D:2      | Found a sparkling altar of Nemelex Xobeh.
  1733 | D:2      | Noticed Natasha
  1752 | D:2      | Killed Natasha
  1752 | D:2      | Reached skill level 1 in Throwing
  1752 | D:2      | Reached XP level 4. HP: 25/40 MP: 3/3
  1984 | D:3      | Noticed Ijyb
  1995 | D:3      | Killed Ijyb
  2265 | D:3      | Found a sparkling altar of Nemelex Xobeh.
  2355 | D:3      | Reached XP level 5. HP: 25/47 MP: 4/4
  3246 | D:4      | Reached XP level 6. HP: 49/53 MP: 5/5
  3247 | D:4      | Found an ornate altar of the Wu Jian Council.
  3303 | D:4      | Found a broken altar of Ashenzari.
  3345 | D:4      | Noticed Eustachio
  3356 | D:4      | Killed Eustachio
  3356 | D:4      | Reached skill level 5 in Polearms
  3356 | D:4      | Reached skill level 5 in Armour
  3356 | D:4      | Reached skill level 5 in Shields
  3595 | D:4      | Noticed an air elemental
  3597 | D:4      | Found a stormy altar of Qazlal.
  3601 | D:4      | Noticed a water elemental
  3601 | D:4      | Noticed a fire elemental
  3624 | D:4      | Became a worshipper of Qazlal Stormbringer
  3827 | D:5      | Entered Level 5 of the Dungeon
  3884 | D:5      | Reached skill level 5 in Fighting
  4004 | D:5      | Reached XP level 7. HP: 61/61 MP: 6/6
  4811 | D:6      | Found a white marble altar of Elyvilon.
  4869 | D:6      | Reached * piety under Qazlal
  4897 | D:6      | Found Numuxi's General Store.
  4996 | D:6      | Reached XP level 8. HP: 12/70 MP: 7/7
  5396 | D:6      | Found a staircase to the Ecumenical Temple.
  5746 | D:6      | Reached skill level 6 in Fighting
  6359 | D:7      | Reached XP level 9. HP: 14/78 MP: 8/8
  6968 | D:7      | Reached ** piety under Qazlal
  7134 | D:6      | Paralysed by a hornet for 3 turns
  7148 | D:6      | Reached skill level 7 in Fighting
  7405 | D:8      | Found Nanume's Distillery.
  7408 | D:8      | Bought a potion of heal wounds for 60 gold pieces
  7408 | D:8      | Bought a potion of curing for 36 gold pieces
  7574 | D:8      | Found a sacrificial altar of Ru.
  7574 | D:8      | Found a shadowy altar of Dithmenos.
  7748 | D:8      | Noticed Joseph
  7779 | D:8      | Reached skill level 5 in Throwing
  7795 | D:8      | Killed Joseph
  8335 | D:8      | Reached skill level 10 in Polearms
  8501 | D:6      | Bought a +4 ring of protection for 432 gold pieces
  8622 | Temple   | Entered the Ecumenical Temple
  9347 | D:9      | Reached XP level 10. HP: 88/88 MP: 9/9
  9361 | D:9      | Found Fuaxtid's Book Emporium.
  9425 | D:9      | Reached skill level 8 in Fighting
  9503 | D:9      | Found a bloodstained altar of Trog.
  9584 | D:10     | Entered Level 10 of the Dungeon
  9723 | D:10     | Noticed Maurice
  9751 | D:10     | Killed Maurice
  9944 | D:10     | Noticed a two-headed ogre
  9952 | D:10     | Killed a two-headed ogre
 10036 | D:10     | Reached *** piety under Qazlal
 10170 | D:10     | Reached skill level 9 in Fighting
 10235 | D:10     | Found a flagged portal.
 10243 | Bailey   | Entered a bailey
 10513 | Bailey   | Reached XP level 11. HP: 91/97 MP: 10/10
 10516 | Bailey   | Reached **** piety under Qazlal
 11095 | D:11     | Found a staircase to the Lair.
 11107 | D:11     | Noticed a two-headed ogre
 11114 | D:11     | Killed a two-headed ogre
 11193 | D:11     | Noticed a two-headed ogre
 11200 | D:11     | Killed a two-headed ogre
 11467 | D:11     | Found a staircase to the Orcish Mines.
 11803 | D:11     | Noticed Erica
 11821 | D:11     | Killed Erica
 12053 | D:11     | Found Tats's General Store.
 12061 | D:11     | Bought a scroll of remove curse for 39 gold pieces
 12159 | D:11     | Got a steaming buckler
 12170 | D:11     | Identified the +0 buckler of Boosk {Rampage *Drain rF++
                  | rCorr} (You found it on level 11 of the Dungeon)
 12257 | D:12     | Noticed a five-headed hydra
 12281 | D:12     | Killed a one-headed hydra
 12281 | D:12     | Reached skill level 1 in Dodging
 12564 | D:12     | Noticed Frances
 12582 | D:12     | Killed Frances
 12582 | D:12     | Reached skill level 10 in Fighting
 12582 | D:12     | Reached skill level 10 in Armour
 12811 | D:12     | Noticed a cyan ugly thing
 12828 | D:12     | Killed a cyan ugly thing
 13671 | Orc:1    | Entered Level 1 of the Orcish Mines
 13689 | Orc:1    | Reached XP level 12. HP: 102/108 MP: 11/11
 13786 | Orc:1    | Noticed Sonja
 13794 | Orc:1    | Killed Sonja
 13923 | Orc:1    | Found Sutottyiho's Mass Market.
 13924 | Orc:1    | Found a runed translucent door.
 13933 | Orc:1    | Noticed dracfodder's ghost (journeyman GrBe)
 13941 | Orc:1    | Reached ***** piety under Qazlal
 13941 | Orc:1    | Reached skill level 11 in Fighting
 13986 | Orc:1    | Bought the +2 plate armour of Snakes and Ladders {rC+++
                  | Regen+} for 1125 gold pieces
 14516 | Orc:2    | Entered Level 2 of the Orcish Mines
 14577 | Orc:2    | Noticed a two-headed ogre
 14587 | Orc:2    | Killed a two-headed ogre
 14587 | Orc:2    | Noticed a two-headed ogre
 14588 | Orc:2    | Noticed an ogre mage
 14589 | Orc:2    | Noticed a two-headed ogre
 14603 | Orc:1    | Killed a two-headed ogre
 14603 | Orc:1    | Reached skill level 5 in Dodging
 14611 | Orc:1    | Killed a two-headed ogre
 14713 | Orc:2    | Noticed an ogre mage
 14727 | Orc:2    | Killed an ogre mage
 14731 | Orc:2    | Killed an ogre mage
 14731 | Orc:2    | Reached skill level 12 in Fighting
 14741 | Orc:2    | Noticed a two-headed ogre
 14743 | Orc:2    | Noticed an ogre mage
 14745 | Orc:2    | Noticed a two-headed ogre
 14748 | Orc:2    | Killed a two-headed ogre
 14752 | Orc:2    | Killed an ogre mage
 14757 | Orc:2    | Killed a two-headed ogre
 14844 | Orc:2    | Noticed a two-headed ogre
 14854 | Orc:2    | Killed a two-headed ogre
 14868 | Orc:2    | Found a staircase to the Elven Halls.
 14877 | Orc:2    | Noticed a two-headed ogre
 14887 | Orc:2    | Killed a two-headed ogre
 14901 | Orc:2    | Noticed a two-headed ogre
 14906 | Orc:2    | Noticed an ogre mage
 14916 | Orc:2    | Killed a two-headed ogre
 14945 | Orc:2    | Reached skill level 13 in Fighting
 14945 | Orc:2    | Reached XP level 13. HP: 47/122 MP: 12/12
 15734 | Orc:2    | Found Fiopn's Gadget Boutique.
 15734 | Orc:2    | Found Gait's Magic Scroll Emporium.
 15735 | Orc:2    | Found Qenuoj's Gadget Shoppe.
 15735 | Orc:2    | Found Maor's Weapon Boutique.
 15745 | Orc:2    | Bought a scroll of enchant weapon for 120 gold pieces
 15745 | Orc:2    | Bought a scroll of enchant weapon for 120 gold pieces
 15887 | Lair:1   | Entered Level 1 of the Lair of Beasts
 15929 | Lair:1   | Reached skill level 10 in Throwing
 16432 | Lair:1   | Found a blossoming altar of Fedhas.
 16754 | Lair:2   | Reached skill level 14 in Fighting
 16892 | Lair:2   | Reached ****** piety under Qazlal
 16914 | Lair:2   | Found a broken altar of Ashenzari.
 17895 | Lair:3   | Found a hide-covered altar of Uskayaw.
 18231 | Lair:4   | Found a staircase to the Shoals.
 18242 | Lair:4   | Found a staircase to the Snake Pit.
 18331 | Lair:4   | Reached XP level 14. HP: 133/133 MP: 13/13
 18399 | Lair:4   | Reached skill level 15 in Fighting
 19211 | Lair:5   | Noticed Rupert
 19213 | Lair:5   | Paralysed by Rupert for 6 turns
 19235 | Lair:5   | Killed Rupert
 19411 | Lair:5   | You fall into a shaft and drop 1 floor!
 19411 | Lair:6   | Entered Level 6 of the Lair of Beasts
 19411 | Lair:6   | Noticed an entropy weaver
 19413 | Lair:6   | Noticed an entropy weaver
 20113 | Lair:6   | Reached skill level 16 in Fighting
 20175 | Lair:6   | Killed an entropy weaver
 20227 | Lair:6   | Reached skill level 10 in Dodging
 20373 | Lair:6   | Killed an entropy weaver
 20373 | Lair:6   | Reached XP level 15. HP: 87/145 MP: 14/14
 20528 | Lair:6   | Found a viscous altar of Jiyva.
 20529 | Lair:6   | Found a staircase to the Slime Pits.
 20966 | Lair:6   | Reached skill level 17 in Fighting
 21872 | Shoals:1 | Entered Level 1 of the Shoals
 22732 | Shoals:1 | Found a flickering gateway to a bazaar.
 22742 | Bazaar   | Entered a bazaar
 22747 | Bazaar   | Found Muith's Jewellery Shop.
 22782 | Bazaar   | Found Sapteok's Antique Armour Shop.
 22818 | Bazaar   | Bought an uncursed amulet of reflection for 450 gold pieces
 22940 | Shoals:1 | Noticed Nikola
 22986 | Shoals:1 | Killed Nikola
 23372 | Shoals:1 | Found a shimmering blue altar of Sif Muna.
 23390 | Shoals:1 | Reached skill level 18 in Fighting
 23607 | Shoals:2 | HP: 6/149 [drowned by a drowned soul[a merfolk avatar]
                  | (15)]
 24098 | Shoals:2 | Found Suathry's Jewellery Emporium.
 24411 | Shoals:3 | Noticed Polyphemus
 24428 | Shoals:2 | Reached skill level 15 in Armour
 24586 | Shoals:3 | Killed Polyphemus
 24586 | Shoals:3 | Reached XP level 16. HP: 85/159 MP: 15/15
 24818 | Snake:1  | Entered Level 1 of the Snake Pit
 25669 | Snake:1  | Identified Roxanne's Almanac of the Rocks
 25669 | Snake:1  | Noticed Roxanne
 25812 | Snake:2  | Reached skill level 19 in Fighting
 27919 | Snake:3  | Noticed Aizul
 27940 | Snake:3  | Killed Aizul
 28218 | Snake:3  | Identified a scroll of acquirement
 28218 | Snake:3  | Acquired 483 gold pieces
 28574 | Snake:4  | Entered Level 4 of the Snake Pit
 28602 | Snake:3  | Reached XP level 17. HP: 114/170 MP: 16/16
 28617 | Snake:3  | Reached skill level 1 in Invocations
 28941 | Snake:4  | Reached skill level 20 in Fighting
 31724 | Snake:4  | Got a serpentine rune of Zot
 32472 | D:13     | Noticed Kirke
 32478 | D:13     | Noticed Jorgrun
 32492 | D:12     | Killed Kirke
 32799 | D:12     | Killed Jorgrun
 33680 | D:13     | Found a shimmering altar of Xom.
 33819 | D:13     | Reached XP level 18. HP: 155/180 MP: 20/20
 33904 | D:14     | Reached skill level 21 in Fighting
 34017 | D:14     | Found a gate to the Vaults.
 34035 | D:14     | Reached skill level 5 in Invocations
 34532 | D:14     | Found a runed translucent door.
 34533 | D:14     | Noticed Opnastoc's ghost (journeyman MiBe)
 34989 | D:14     | Killed Opnastoc's ghost
 35095 | D:15     | Entered Level 15 of the Dungeon
 35263 | D:15     | Found the +3 giant club "Skullcrusher" {speed, Str+7}
 35429 | D:15     | Found a staircase to the Depths.
 36045 | D:15     | Noticed Louise
 36068 | D:15     | Killed Louise
 36965 | Shoals:3 | Found a runed translucent door.
 36967 | Shoals:3 | Noticed Melum's ghost (adept OgWz)
 37304 | Shoals:3 | Killed Melum's ghost
 37340 | Shoals:4 | Entered Level 4 of the Shoals
 38218 | Shoals:4 | Got a barnacled rune of Zot
 38655 | Shoals:4 | Reached XP level 19. HP: 191/191 MP: 24/24
 38734 | Shoals:4 | Identified the amulet "Jelill" {Acrobat MR+ Dex+5}
 39557 | Vaults:1 | Entered Level 1 of the Vaults
 39821 | Vaults:1 | Reached skill level 15 in Throwing
 39824 | Vaults:1 | Reached skill level 22 in Fighting
 40095 | Vaults:1 | Found Ulunuekh's Antique Weapon Shoppe.
 40152 | Vaults:1 | Found Teatuz's Antique Armour Emporium.
 40155 | Vaults:1 | Bought a masterwork cloak for 332 gold pieces
 40165 | Vaults:1 | Identified the +0 cloak "Dilath" {rC+} (You bought it in a
                  | shop on level 1 of the Vaults)
 41065 | Vaults:1 | Found Inasosa's Gadget Emporium.
 41590 | Vaults:2 | Reached skill level 15 in Dodging
 41981 | Vaults:2 | Reached XP level 20. HP: 189/202 MP: 25/25
 42232 | Vaults:2 | Reached skill level 23 in Fighting
 42346 | Vaults:2 | Found a staircase to the Crypt.
 43702 | Vaults:3 | Noticed Jory
 43738 | Vaults:3 | HP: 1/204 [Jory/vampiric draining (35)]
 43781 | Vaults:3 | Found Homiaj's Armour Boutique.
 43967 | Vaults:3 | Bought the cursed +0 cloak "Hirul" {rN+ MR++ Dex+2} for 278
                  | gold pieces
 44055 | Vaults:3 | Noticed Xtahua
 44070 | Vaults:3 | Noticed Margery
 44078 | Vaults:3 | Killed Xtahua
 44196 | Vaults:3 | Killed Jory
 44528 | Vaults:3 | Killed Margery
 45495 | Vaults:4 | Reached skill level 24 in Fighting
 45790 | Vaults:4 | Reached XP level 21. HP: 214/214 MP: 26/26
 46052 | Vaults:4 | Found a huge runed gate.
 46052 | Vaults:4 | Found a huge runed gate.
 46052 | Vaults:4 | Found a huge runed gate.
 46053 | Vaults:4 | Found a huge runed gate.
 46053 | Vaults:4 | Found a huge runed gate.
 46053 | Vaults:4 | Found a huge runed gate.
 46054 | Vaults:4 | Found a huge runed gate.
 46054 | Vaults:4 | Found a huge runed gate.
 46056 | Vaults:4 | Found a huge runed gate.
 46056 | Vaults:4 | Found a huge runed gate.
 46056 | Vaults:4 | Found a huge runed gate.
 46056 | Vaults:4 | Found a huge runed gate.
 46056 | Vaults:4 | Found a huge runed gate.
 46056 | Vaults:4 | Found a huge runed gate.
 46057 | Vaults:4 | Found a huge runed gate.
 46059 | Vaults:4 | Found a huge runed gate.
 46060 | Vaults:4 | Found a huge runed gate.
 46068 | Vaults:4 | Found a huge runed gate.
 46068 | Vaults:4 | Found a huge runed gate.
 46068 | Vaults:4 | Found a huge runed gate.
 46068 | Vaults:4 | Found a huge runed gate.
 46068 | Vaults:4 | Found a huge runed gate.
 46069 | Vaults:4 | Found a huge runed gate.
 46070 | Vaults:4 | Found a huge runed gate.
 46071 | Vaults:4 | Found a huge runed gate.
 46072 | Vaults:4 | Found a huge runed gate.
 46431 | Vaults:4 | Found a huge runed gate.
 46431 | Vaults:4 | Found a huge runed gate.
 46431 | Vaults:4 | Found a huge runed gate.
 46431 | Vaults:4 | Found a huge runed gate.
 46431 | Vaults:4 | Found a huge runed gate.
 46431 | Vaults:4 | Found a huge runed gate.
 46431 | Vaults:4 | Found a huge runed gate.
 46439 | Vaults:4 | Found a huge runed gate.
 46459 | Vaults:4 | Found a huge runed gate.
 46467 | Vaults:4 | Found a huge runed gate.
 46933 | Vaults:4 | Identified the +5 scale mail of Undesirable Species {-Cast
                  | Rampage rC- rCorr SInv}
 47376 | Depths:1 | Entered Level 1 of the Depths
 47447 | Depths:1 | Found a gateway to a ziggurat.
 47460 | Depths:1 | Found a gateway to Hell.
 48054 | Depths:1 | Identified the +1 ring mail of Wefari {+Blink rElec rF++
                  | Stlth+}
 48106 | Depths:1 | Noticed Asterion
 48122 | Depths:1 | Killed Asterion
 48426 | Depths:1 | Found a one-way gate to the infinite horrors of the Abyss.
 48616 | Depths:2 | Reached skill level 25 in Fighting
 48737 | Depths:2 | Found the cursed necklace of Bloodlust {*Rage +Rage MR++
                  | Int-3 Slay+6 *Curse}
 49097 | Depths:2 | Found Salaobbiwy's Weapon Boutique.
 49902 | Depths:2 | You fall into a shaft and drop 1 floor!
 49902 | Depths:3 | Noticed the Enchantress
 49907 | Depths:3 | Reached XP level 22. HP: 226/226 MP: 20/28
 49907 | Depths:3 | Killed the Enchantress
 50134 | Depths:3 | Noticed a juggernaut
 50146 | Depths:3 | Killed a juggernaut
 50146 | Depths:3 | Reached skill level 10 in Invocations
 50201 | Depths:3 | Found a one-way gate leading to the halls of Pandemonium.
 50245 | Depths:3 | Noticed Mara
 50254 | Depths:3 | Noticed stormannn's illusion
 51056 | Depths:3 | Killed Mara
 51229 | Depths:3 | Found an iron altar of Okawaru.
 51229 | Depths:3 | Found a bloodstained altar of Trog.
 51403 | Depths:3 | Found a burning altar of Makhleb.
 51447 | Depths:3 | Noticed a juggernaut
 51463 | Depths:3 | Killed a juggernaut
 52211 | Depths:3 | Reached skill level 26 in Fighting
 52461 | Depths:3 | Identified the cursed +1 falchion of Exoneration {flame,
                  | rN+ MR+ Str+2}
 52528 | Depths:3 | Identified the +0 ring mail of the Hare {rN+ Int+3 Dex+4}
                  | (You found it on level 3 of the Depths)
 52530 | Depths:3 | Identified the +2 leather armour "Trusted Companion"
                  | {Stlth+} (You found it on level 3 of the Depths)
 52907 | Elf:1    | Entered Level 1 of the Elven Halls
 52933 | Elf:1    | Reached XP level 23. HP: 236/236 MP: 31/31
 54169 | Elf:2    | Found a huge runed translucent gate.
 54169 | Elf:2    | Found a huge runed translucent gate.
 54169 | Elf:2    | Found a huge runed translucent gate.
 54169 | Elf:2    | Found a huge runed translucent gate.
 54171 | Elf:2    | Found a huge runed translucent gate.
 54531 | Elf:2    | Cast into level 3 of the Abyss (+0 triple sword of
                  | distortion)
 54559 | Abyss:3  | Found a blossoming altar of Fedhas.
 54649 | Abyss:3  | Noticed an ancient lich
 54686 | Abyss:3  | Killed an ancient lich
 54697 | Elf:2    | Escaped the Abyss
 55308 | Elf:3    | Entered Level 3 of the Elven Halls
 55773 | Elf:3    | Reached skill level 27 in Fighting
 55825 | Elf:3    | Reached XP level 24. HP: 131/249 MP: 2/32
 55966 | Elf:3    | Identified the cursed +1 battleaxe "Qoason" {distort, MP+9}
 55975 | Elf:3    | Cast into level 2 of the Abyss (ghostly deep elf death
                  | mage)
 56034 | Abyss:2  | Gained mutation: You are clumsy. (Dex -2) [a neqoxec]
 56457 | Elf:3    | Escaped the Abyss
 56509 | Elf:3    | Identified the cursed +3 battleaxe of the Thoughtful Knives
                  | {freeze, *Rage rElec rF+ rC+++}
 56519 | Elf:3    | Reached skill level 15 in Invocations
 56609 | Elf:3    | Found the +4 dagger "Morg" {pain, MR+ Int+5}
 56611 | Elf:3    | Identified the cursed +1 robe "Himu" {Dex+4}
 56638 | Elf:3    | Got a faintly glowing silver ring
 56642 | Elf:3    | Identified Cauco's Volume of Intoxication and Ice
 56655 | Elf:3    | Identified the Tome of the Ashen Oath
 56680 | Elf:3    | Identified the ring "Nurukhla" {rElec Str-5 Int+2 Dex+6
                  | SInv} (You found it on level 3 of the Elven Halls)
 56683 | Elf:3    | Got a warped tin ring
 56684 | Elf:3    | Identified the ring "Wummogun" {*Tele *Slow +Blink Int+3
                  | Stlth+} (You found it on level 3 of the Elven Halls)
 56686 | Elf:3    | Acquired the ring of Springtime {+Fly Slay+2 SInv}
 56711 | Elf:3    | Found the +3 hat of Pondering {ponderous, MR+ MP+10 Int+5}
 56730 | Elf:3    | Identified the Collected Works on Transmutation
 56752 | Elf:3    | Identified the Tome of Enchanting Transmigration
 57140 | Vaults:4 | Acquired 872 gold pieces
 57931 | Depths:4 | Noticed a juggernaut
 58602 | Depths:4 | Cast into level 2 of the Abyss (hell knight)
 59091 | Depths:4 | Escaped the Abyss
 59785 | Depths:4 | Killed a juggernaut
 60031 | Depths:4 | Found Moed's Distillery.
 60053 | Depths:4 | Bought a potion of haste for 130 gold pieces
 60053 | Depths:4 | Bought a potion of curing for 39 gold pieces
 60053 | Depths:4 | Bought a potion of curing for 39 gold pieces
 60053 | Depths:4 | Bought a potion of curing for 39 gold pieces
 60053 | Depths:4 | Bought a potion of flight for 39 gold pieces
 60371 | Depths:5 | Entered Level 5 of the Depths
 60437 | Depths:5 | Reached XP level 25. HP: 234/257 MP: 34/34
 61150 | Depths:5 | Found Umyuts's Gadget Shop.
 61150 | Depths:5 | Found Ninoapp's Jewellery Shoppe.
 61151 | Depths:5 | Found Aqoesut's Jewellery Shoppe.
 61164 | Depths:5 | Bought the amulet of the Four Winds {rN+ MR+++ Clar} for
                  | 878 gold pieces
 61164 | Depths:5 | Found the amulet of the Four Winds {rN+ MR+++ Clar}
 61722 | Depths:5 | Found a gate to the Realm of Zot.
 62427 | Vaults:5 | Entered Level 5 of the Vaults
 62439 | Vaults:5 | Noticed an ancient lich
 62464 | Vaults:5 | Noticed an ancient lich
 62466 | Vaults:5 | Noticed an ancient lich
 62685 | Vaults:5 | Identified the cursed +2 quarterstaff of Resourcefulness
                  | {vamp, rF+ rN+ Str+4 Dex-3}
 63484 | Vaults:4 | Killed an ancient lich
 63844 | Vaults:4 | Killed an ancient lich
 63844 | Vaults:4 | Reached XP level 26. HP: 266/266 MP: 35/35
 64325 | Vaults:5 | Killed an ancient lich
 65395 | Vaults:5 | Identified the Compendium of Changing
 65400 | Vaults:5 | Got a warped chain mail
 65401 | Vaults:5 | Identified the +1 chain mail of Gihip {Str+2} (You found it
                  | on level 5 of the Vaults)
 65450 | Vaults:5 | Found the +0 mask of the Dragon {MR+ Slay+3 SInv}
 65475 | Vaults:5 | Identified the +3 leather armour "Taduam" {rC+ MP+9} (You
                  | found it on level 5 of the Vaults)
 65687 | Vaults:5 | Found Muddyits's Jewellery Shoppe.
 65920 | Vaults:5 | Got a silver rune of Zot
 66161 | Vaults:5 | Identified the Compendium of the Glacier and the Rocks
 66726 | Zot:1    | Entered Level 1 of the Realm of Zot
 66801 | Zot:1    | Identified the cursed +2 great sword of Dung {vorpal, rF+
                  | rC+ MR+}
 68464 | Zot:2    | Reached XP level 27. HP: 257/273 MP: 36/36
 69019 | Zot:2    | Reached skill level 15 in Polearms
 71490 | Zot:3    | Found a transporter.
 71491 | Zot:3    | Noticed Mikey69's ghost (legendary DsBe)
 71579 | Zot:3    | Found a transporter.
 71944 | Zot:4    | Found a white marble altar of Elyvilon.
 72624 | Zot:5    | Entered Level 5 of the Realm of Zot
 73344 | Zot:5    | Noticed an ancient lich
 73362 | Zot:5    | Noticed an orb of fire
 73394 | Zot:5    | Noticed an orb of fire
 73394 | Zot:5    | Mangled by an Orb Guardian

Illustrated notes

Levels and vault maps discovered:
D:1:      wander_arrival_fairy_ring, layout_loops_cross, ashenzari_altar_1
D:2:      layout_loops_cross, grunt_temple_overflow_opulence,
          lemuel_crystal_altar, uniq_natasha
D:3:      layout_loops_ring, nemelex_spade_bored_becter, uniq_ijyb
D:4:      layout_rooms, lemuel_crystal_altar, nicolae_qazlal_style_of_elements,
          lemuel_coloured_pillars_altar, lemuel_another_geyser, uniq_eustachio
D:5:      layout_basic
D:6:      layout_loops_corners, elyvilon_altar_5,
          minmay_temple_entry_proselytizer, serial_shops, nicolae_shop_crystal
D:7:      layout_cave_pools
D:8:      layout_loops_cross, gammafunk_temple_overflow_wave, serial_shops,
          kennysheep_mini, uniq_joseph
D:9:      layout_rooms, kennysheep_little_box, serial_shops, shop
D:10:     layout_basic, enter_bailey_3, uniq_maurice
D:11:     layout_basic, lair_entry_dummy, orc_0_dummy, serial_shops, shop,
          uniq_erica
D:12:     layout_cave_pods, uniq_frances
D:13:     layout_loops_ring, tgw_xom, uniq_kirke, uniq_jorgrun
D:14:     layout_rooms, skrybe_vaults_entry_preservation, gammafunk_ghost_grave,
          chequers_big_river, minmay_splitting_lines
D:15:     grunt_enter_depths_snipers, layout_basic, chequers_avenue,
          minmay_misc_feat_nine_boxes, minmay_guarded_unrand_skullcrusher,
          uniq_louise
Temple:   minmay_temple_bridge_abc
Lair:1:   layout_long_grid, basic_altar, cheibrodos_lair_lostbears
Lair:2:   layout_regular_city, basic_altar
Lair:3:   layout_gridlike, basic_altar, minivault_23
Lair:4:   layout_regular_city, elwin_shoals_entry_stream,
          minmay_snake_entry_guardpost_small, beast_lair_carwin_3
Lair:5:   layout_misc_corridors, columned_hall_lemuel,
          minmay_lair_oklob_chamber, serial_bayou_shore_a, serial_bayou_shore_b,
          uniq_rupert
Lair:6:   guppyfry_lair_end_dragon, layout_gridlike,
          hangedman_lair_caniforms_friends, slime_altar_1,
          minmay_lair_oklob_bushes, st_stairs_3, zaba_anthell
Shoals:1: layout_shoals, serial_shops, bzr_entry_water, lemuel_oklob_altar,
          uniq_nikola
Shoals:2: layout_shoals, minmay_shop_enchanted_jewellery
Shoals:3: layout_shoals, ebering_ghost_inner_flame,
          nicolae_shoals_hunting_party, uniq_polyphemus
Shoals:4: shoals_end_simple, layout_shoals, nicolae_shoals_seven_spires,
          nicolae_shoals_siren_and_animal_friends
Snake:1:  layout_grid_shapes, grunt_megastairs_1, uniq_roxanne
Snake:2:  layout_layer_cave
Snake:3:  layout_cave_town, st_stairs_3, uniq_aizul
Snake:4:  snake_pit, layout_onion, hangedman_snake_corridor_split
Orc:1:    layout_caves, ebering_ghost_reflecting_pool, minmay_shop_mass,
          uniq_sonja
Orc:2:    st_orc_ogre_mass, layout_caves
Elf:1:    eino_elf_arrival_sip, layout_loops_corners, hangedman_corner_corridor
Elf:2:    layout_loops_cross
Elf:3:    minmay_elf_hall_hex, layout_loops_corners, special_room
          [special_room_mythical_zoo], drop_trap
Vaults:1: v_alt_pattern_5, v_alt_pattern_4, nicolae_vaults_network_square,
          vaults_mumra_chevron, vaults_room_pools, nicolae_vaults_theta,
          layout_vaults_omnigrid, serial_shops, shop, nicolae_shop_behind_doors,
          shop
Vaults:2: hangedman_vaults_corner_blocks, ontoclasm_vaults_hangar,
          minmay_crypt_entry_simple_plaza, vaults_standard_mumra_x,
          nicolae_vaults_ninety_degrees, ontoclasm_vaults_loading_screen,
          hangedman_vaults_impose, nicolae_vaults_twisting_passages,
          ontoclasm_vaults_chip, layout_vaults_maze_snakey
Vaults:3: nicolae_vaults_big_angled_halls, ontoclasm_vaults_fault,
          nicolae_vaults_circle_grid_b, v_misc_32, vaults_dpeg_hooks,
          nicolae_vaults_diagonal_hallway_7, nicolae_vaults_mini_display_case,
          layout_vaults_chaotic_city, serial_shops, nicolae_shop_crystal,
          uniq_xtahua, uniq_jory, uniq_margery
Vaults:4: v_rooms_2, v_misc_19, ontoclasm_vaults_hangar,
          nicolae_vaults_little_squares_1, vaults_room_door_hall, v_misc_27,
          vaults_door_vault, hangedman_vaults_impose, v_alt_pattern_6,
          nicolae_vaults_little_squares_6, ontoclasm_vaults_chip,
          hangedman_vaults_slice, nicolae_vaults_diagonal_hallway_6,
          layout_vaults_omnicross
Vaults:5
Depths:1: layout_cave_pools, enter_ziggurat_a, abyss_entry_small_statue_room,
          grunt_hell_horde, minmay_misc_feat_square, minmay_misc_feat_enclosed,
          minmay_stone_trees_small, minmay_misc_feat_alley,
          hangedman_devilish_allure, uniq_asterion
Depths:2: minmay_open_boxes_in_corner, layout_honeycomb,
          pf_hell_entry_tar_river, chequers_serial_rivers_micro_b, serial_shops,
          shop, roderic_lattice_octagonal_star, minmay_staircase_bubble
Depths:3: hangedman_slaughterboxes, pan_entry, hell_entry, uniq_enchantress,
          uniq_mara
Depths:4: minmay_bad_star, layout_basic, serial_shops, shop,
          minmay_misc_feat_five, hangedman_abyss_entry_splay,
          hangedman_geh_valley, minmay_staircase_windowed_small
Depths:5: evilmike_zot_entry_gauntlet, layout_basic, grunt_hell_entry_dis_grunt,
          minmay_hedge_maze, kennysheep_random_hallway, minmay_shop_grove
Zot:1:    kennysheep_room_grid, layout_concentric_octagons, zot_minivault_1
Zot:2:    grunt_deathspiral_small, layout_cathedral_of_symmetry
Zot:3:    layout_onion_interference, gammafunk_ghost_berserking_beasts
Zot:4:    layout_onion_interference, basic_altar
Zot:5:    layout_concentric_octagons

Skill      XL: |  1  2  3  4  5  6  7  8  9 10 11 12 13 14 15 16 17 18 19 20 21 22 23 24 25 26 27 |
---------------+----------------------------------------------------------------------------------+-----
Polearms       | 3 4 5 6 8 10 11 12 14 16 | 16.6
Fighting       | 4 5 6 7 9 10 13 14 16 18 19 20 21 22 24 25 26 27 | 27.0
Armour         | 4 5 6 7 9 10 11 12 14 15 16 17 18 19 20 21 22 23 24 25 | 25.3
Shields        | 4 5 6 7 9 |  9.6
Throwing       | 1 2 3 4 5 6 8 9 10 11 12 13 14 15 16 17 18 | 18.3
Dodging        | 4 6 8 10 11 12 13 14 15 16 17 18 19 20 21 22 | 22.7
Invocations    | 4 8 9 12 14 16 19 20 22 | 22.6

Action                   |  1- 3 |  4- 6 |  7- 9 | 10-12 | 13-15 | 16-18 | 19-21 | 22-24 | 25-27 || total
-------------------------+-------+-------+-------+-------+-------+-------+-------+-------+-------++-------
Melee: Trident           |    17 |       |       |       |       |       |       |       |       ||    17
       Headbutt          |    11 |    17 |    61 |   164 |   359 |   482 |   441 |   475 |   683 ||  2693
       Spear             |    88 |   154 |   418 |   824 |  1624 |  2002 |       |       |       ||  5110
       Scimitar          |       |       |       |     8 |       |       |       |       |       ||     8
       Unarmed           |       |       |       |       |       |    13 |       |       |       ||    13
       Demon trident     |       |       |       |       |       |   350 |  1702 |  1771 |  1955 ||  5778
Throw: Stone             |       |     7 |    25 |       |     6 |       |       |       |       ||    38
       Boomerang         |       |       |       |       |    38 |    13 |     2 |       |       ||    53
       Dart              |       |       |       |       |     6 |       |       |     1 |     2 ||     9
Invok: Upheaval          |       |       |     1 |       |       |     1 |     1 |     8 |     2 ||    13
       Elemental Force   |       |       |       |       |       |     1 |     1 |       |     3 ||     5
       Disaster Area     |       |       |       |       |       |       |     5 |     9 |    15 ||    29
 Abil: Evoke Flight      |       |       |       |       |       |       |       |     1 |       ||     1
Evoke: Wand              |       |       |    13 |     5 |     5 |       |       |       |     1 ||    24
  Use: Potion            |     3 |     2 |    10 |     2 |    11 |     4 |    13 |     5 |     9 ||    59
       Scroll            |     4 |     3 |     6 |    11 |    11 |    15 |     8 |     8 |    19 ||    85
 Stab: Distracted        |       |       |       |       |       |       |       |     2 |     1 ||     3
       Paralysed         |       |       |       |       |       |       |       |     1 |       ||     1
       Held in net/web   |       |       |       |       |       |       |       |       |     2 ||     2
Armor: Scale mail        |    31 |    36 |    77 |    98 |       |     8 |       |       |       ||   250
       Skin              |       |       |     1 |       |       |     1 |       |       |       ||     2
       Plate armour      |       |       |       |    62 |   359 |   412 |   346 |   301 |   741 ||  2221
Dodge: Dodged            |    18 |    26 |    85 |   145 |   381 |   519 |   469 |   464 |  1273 ||  3380
       Repelled          |       |       |       |     1 |    11 |    37 |     9 |    26 |    39 ||   123
Block: Kite shield       |    31 |    42 |   176 |   224 |       |       |       |       |       ||   473
       Buckler           |       |       |       |   107 |   677 |  1320 |   993 |   860 |  1139 ||  5096
       Reflection        |       |       |       |       |    13 |   170 |   109 |    72 |     8 ||   372
       Other             |       |       |       |       |       |     8 |       |       |       ||     8

Table legend: (Time is in decaauts)
 A = Elapsed time spent in this place.
 B = Non-inter-level travel time spent in this place.
 C = Inter-level travel time spent in this place.
 D = Time resting spent in this place.
 E = Time spent auto-exploring this place.
 F = Levels seen in this place.
 G = Mean time per level.
                   A        B        C        D        E       F      G
               +--------+--------+--------+--------+--------+-----+--------+
         Total |  69186 |  63275 |   5911 |  16675 |  30515 |  55 | 1257.9 |
       Dungeon |  17714 |  15658 |   2056 |   4468 |   8420 |  15 | 1180.9 |
        Temple |    261 |    227 |     34 |      0 |    211 |   1 |  261.0 |
          Lair |   6577 |   5895 |    682 |    865 |   3865 |   6 | 1096.2 |
        Shoals |   5403 |   4800 |    603 |   1276 |   2066 |   4 | 1350.8 |
     Snake Pit |   6784 |   6559 |    225 |   2597 |   2399 |   4 | 1696.0 |
  Orcish Mines |   2027 |   1892 |    135 |    438 |    984 |   2 | 1013.5 |
   Elven Halls |   3125 |   2928 |    197 |    293 |   1753 |   3 | 1041.7 |
        Vaults |  11517 |  10597 |    920 |   3288 |   4180 |   5 | 2303.4 |
        Depths |   7894 |   7042 |    852 |   1321 |   3316 |   5 | 1578.8 |
           Zot |   6303 |   6100 |    203 |   1814 |   2783 |   5 | 1260.6 |
         Abyss |   1007 |   1007 |      0 |    117 |    408 |   3 |  335.7 |
        Bazaar |    102 |    102 |      0 |      0 |     47 |   1 |  102.0 |
        Bailey |    465 |    465 |      0 |    195 |     80 |   1 |  465.0 |
               +--------+--------+--------+--------+--------+-----+--------+

Top non-repeatable levels by time:
Vaults:4: 3323 daAuts
Depths:3: 2799 daAuts
Vaults:3: 2724 daAuts
 Snake:3: 2709 daAuts
   Zot:2: 2310 daAuts
Vaults:1: 2131 daAuts
    D:12: 2111 daAuts
     D:6: 2105 daAuts
    D:15: 1898 daAuts
   Zot:1: 1759 daAuts
Vaults:2: 1757 daAuts
Shoals:3: 1673 daAuts
  Lair:4: 1602 daAuts
Vaults:5: 1579 daAuts
 Snake:4: 1531 daAuts
